 Dungeon Crawl Stone Soup version 0.26-a0-665-gefeb406119 (webtiles) character file.

Game seed: 8252677064318517684

118 TigOlBitties the Magician (level 4, -2/24 HPs)
             Began as a Deep Elf Air Elementalist on Oct 13, 2020.
             Slain by a big kobold
             ... wielding a +0 dagger of venom
              (3 damage)
             ... on level 4 of the Dungeon.
             The game lasted 00:06:56 (3490 turns).

TigOlBitties the Magician (DEAE)                    Turns: 3490, Time: 00:06:57

Health: -2/24      AC:  2    Str:  2 (5)  XL:     4   Next: 72%
Magic:  11/12      EV: 13    Int: 18 (21) God:
Gold:   274        SH:  0    Dex: 12 (15) Spells: 8/11 levels left

rFire    . . .     SeeInvis .   s - +1 dagger (venom)
rCold    . . .     Faith    .   (no shield)
rNeg     . . .     Spirit   .   a - +0 robe
rPois    .         Reflect  .   (no helmet)
rElec    .         Harm     .   (no cloak)
rCorr    .         Rampage  .   (no gloves)
MR       .....                  (no boots)
Stlth    ++........             (no amulet)
HPRegen  0.08/turn              (no ring)
MPRegen  0.13/turn              (no ring)

@: mighty, lethally poisoned (-2 -> -12)
A: no striking features
a: no special abilities


You were on level 4 of the Dungeon.
You visited 1 branch of the dungeon, and saw 4 of its levels.

You collected 274 gold pieces.

Inventory:

Hand Weapons
 r - a +3 short sword
 s - a +1 dagger of venom (weapon)
Armour
 a - a +0 robe (worn)
Scrolls
 b - 3 scrolls of remove curse {unknown}
 c - a scroll of immolation {unknown}
 d - a scroll of random uselessness {unknown}
 e - 7 scrolls of identify {unknown}
 l - a scroll of blinking {unknown}
 m - a scroll of enchant weapon {unknown}
 p - a scroll of teleportation {unknown}
 q - a scroll of magic mapping {unknown}
Potions
 f - a potion of invisibility {unknown}
 g - a potion of degeneration
 h - a potion of mutation {unknown}
 i - a potion of might
 j - a potion of flight {unknown}
 k - 3 potions of magic {unknown}
 n - 3 potions of stabbing {unknown}
 o - 2 potions of lignification {unknown}
 t - a potion of heal wounds {unknown}


   Skills:
 + Level 3.6 Dodging
 - Level 2.4 Stealth
 * Level 4.3 Spellcasting
 + Level 2.5 Conjurations
 * Level 3.7 Air Magic


You had 8 spell levels left.
You knew the following spells:

 Your Spells              Type           Power        Failure   Level
a - Shock                 Conj/Air       ###.         4%          1
b - Swiftness             Air            ###.....     4%          2

Your spell library contained the following spells:

 Spells                   Type           Power        Failure   Level
 Static Discharge         Conj/Air       ###.....     12%         3
 Airstrike                Air            ###.......   30%         4
 Lightning Bolt           Conj/Air       ###.......   73%         5


Dungeon Overview and Level Annotations

Branches:
Dungeon (4/15)
 Temple: D:4-7

Altars:


Message History

You feel sick.
* * * LOW HITPOINT WARNING * * *
You feel sick.
* * * LOW HITPOINT WARNING * * *
You feel sick.
* * * LOW HITPOINT WARNING * * *
You feel sick.
It was a potion of degeneration.
There was something very wrong with that liquid.
You feel weakened.
You feel dopey.
You feel clumsy.
* * * LOW HITPOINT WARNING * * *
You feel sick.
The big kobold hits you but does no damage.
* * * LOW HITPOINT WARNING * * *
You feel sick.
It was a potion of might.
You feel very mighty all of a sudden.
The big kobold looks more healthy.
The big kobold hits you with a +0 dagger of venom.
You die...

. .## ... #.# ###... #.#
#..... ...##. # #.## #...
(....# #. #..###.#
....###.# ##[.....# #
........###.......# .##
#... #..#.@###...# >..#
#..# #..K## ###.###...#
#..######...## #.#.....#
#.
##....##.....####.......#
#..
#..#......#.............#
##.†
#.#####...#.....##.......#
#..###.#
#.........###.......
#..##..### #..###....#
#...... .........###))#
##...# ...##.


You could see a big kobold.

Vanquished Creatures
  An adder (D:2)
  A worm (D:2)
  6 leopard geckos
  3 orcs (D:3)
  7 bats
  2 giant cockroaches
  15 goblins
  10 hobgoblins
  10 jackals
  16 kobolds
  A quokka (D:3)
  A ball python (D:3)
  6 frilled lizards
  8 rats
87 creatures vanquished.

Notes
Turn   | Place    | Note
-------+----------+-------------------------------------------
     0 | D:1      | TigOlBitties the Deep Elf Air Elementalist began the quest
                  | for the Orb.
     0 | D:1      | Reached XP level 1. HP: 10/10 MP: 6/6
   302 | D:1      | Reached XP level 2. HP: 15/15 MP: 4/8
  1205 | D:1      | Reached XP level 3. HP: 19/19 MP: 7/10
  1798 | D:2      | Learned a level 2 spell: Swiftness
  2109 | D:2      | Reached XP level 4. HP: 23/24 MP: 7/11
  2380 | D:2      | Reached skill level 4 in Spellcasting
  3469 | D:4      | Noticed a big kobold
  3489 | D:4      | HP: 1/24 [poisoned by a big kobold]
  3490 | D:4      | Slain by a big kobold

Illustrated notes

Levels and vault maps discovered:
D:1:      arrival_zaba_pyramid, layout_basic
D:2:      layout_basic, serial_glass, glass_columns_a, glass_columns_b,
          glass_columns_a, glass_columns_b, due_unseen_surprise,
          minmay_strange_pillars, minmay_strange_pillars
D:3:      layout_rooms
D:4:      cheibrodos_thug_alley, layout_layer_cave,
          amethyst_overflow_temple_binary, ebering_ghost_sewer_f,
          nicolae_qazlal_style_of_elements

Skill      XL: |  1  2  3  4 |
---------------+-------------+-----
Dodging        | 3 |  3.6
Conjurations   | 2 |  2.5
Spellcasting   | 4 |  4.3
Stealth        | |  2.4
Air Magic      | |  3.7

Action                   |  1- 3 |  4- 6 || total
-------------------------+-------+-------++-------
Melee: Unarmed           |     1 |       ||     1
       Dagger            |       |    17 ||    17
 Cast: Shock             |    96 |    63 ||   159
  Use: Potion            |       |     2 ||     2
Armor: Robe              |     8 |     2 ||    10
Dodge: Dodged            |    31 |    15 ||    46

Table legend: (Time is in decaauts)
 A = Elapsed time spent in this place.
 B = Non-inter-level travel time spent in this place.
 C = Inter-level travel time spent in this place.
 D = Time resting spent in this place.
 E = Time spent auto-exploring this place.
 F = Levels seen in this place.
 G = Mean time per level.
                   A        B        C        D        E       F      G
               +--------+--------+--------+--------+--------+-----+--------+
         Total |   3488 |   3444 |     44 |   1467 |   1380 |   4 |  872.0 |
       Dungeon |   3488 |   3444 |     44 |   1467 |   1380 |   4 |  872.0 |
               +--------+--------+--------+--------+--------+-----+--------+

Top non-repeatable levels by time:
     D:1: 1527 daAuts
     D:2: 1043 daAuts
     D:3: 668 daAuts
     D:4: 248 daAuts
